 Dungeon Crawl Stone Soup version 0.21.0-37-g46506fa (webtiles) character file.

275 tidbits the Charmwright (level 6, 0/50 HPs)
             Began as a Gnoll Skald on Jan 30, 2018.
             Slain by a hound (3 damage)
             ... on level 5 of the Dungeon.
             The game lasted 00:06:40 (643 turns).

tidbits the Charmwright (Gnoll Skald)                Turns: 643, Time: 00:06:41

Health: 0/50       AC:  5    Str: 14    XL:     6   Next: 25%
Magic:  2/13       EV: 14    Int: 17    God:
Gold:   86         SH:  0    Dex: 14    Spells: 4/15 levels left

rFire    . . .     SeeInvis .   a - +2 short sword (venom)
rCold    . . .     Gourm    .   (no shield)
rNeg     . . .     Faith    .   b - +0 leather armour
rPois    .         Spirit   .   E - +2 hat
rElec    .         Reflect  .   (no cloak)
rCorr    .         Harm     .   (no gloves)
MR       .....                  (no boots)
Stlth    ++........             (no amulet)
HPRegen  0.16/turn              (no ring)
MPRegen  0.13/turn              (no ring)

@: no status effects
A: distributed training, fangs 1, strong nose
a: no special abilities


You were on level 5 of the Dungeon.
You were not hungry.

You visited 1 branch of the dungeon, and saw 5 of its levels.

You collected 86 gold pieces.

Inventory:

Hand Weapons
 a - a +2 short sword of venom (weapon)
   (You took it off a kobold on level 3 of the Dungeon)
 e - a +0 short sword
 k - a +0 hand axe
 m - a +0 falchion of protection
   (You took it off an orc on level 4 of the Dungeon)
 o - a +1 dagger of holy wrath
   (You took it off an orc on level 4 of the Dungeon)
Missiles
 n - 11 stones (quivered)
Armour
 b - a +0 leather armour (worn)
 l - a +0 ring mail
 E - a +2 hat (worn)
Scrolls
 g - 2 scrolls of identify {unknown}
 h - a scroll of remove curse {unknown}
 j - a scroll of teleportation {unknown}
Potions
 i - 2 potions of heal wounds
Books
 c - a book of Battle

   Spells                             Type                      Level
   a - Infusion                       Charms                       1
   b - Shroud of Golubria             Charms/Translocation         2
   c - Song of Slaying                Charms                       2
   d - Spectral Weapon                Hexes/Charms                 3
   e - Regeneration                   Charms/Necromancy            3
 f - a book of Minor Magic
   (You found it on level 3 of the Dungeon)

   Spells                             Type                      Level
   a - Magic Dart                     Conjuration                  1
   b - Blink                          Translocation                2
   c - Call Imp                       Summoning                    2
   d - Slow                           Hexes                        2
   e - Conjure Flame                  Conjuration/Fire             3
   f - Mephitic Cloud                 Conjuration/Poison/Air       3
Comestibles
 d - 6 rations


   Skills:
 + Level 4.9 Fighting
 + Level 1.8 Short Blades
 + Level 1.8 Long Blades
 + Level 4.9 Axes
 + Level 1.8 Maces & Flails
 + Level 1.8 Polearms
 + Level 1.8 Staves
 + Level 1.8 Slings
 + Level 1.8 Bows
 + Level 1.8 Crossbows
 + Level 1.8 Throwing
 + Level 3.1 Armour
 + Level 4.9 Dodging
 + Level 1.8 Stealth
 + Level 1.8 Shields
 + Level 1.8 Unarmed Combat
 + Level 5.3 Spellcasting
 + Level 1.4 Conjurations
 + Level 1.4 Hexes
 + Level 5.6 Charms
 + Level 1.4 Summonings
 + Level 1.4 Necromancy
 + Level 1.4 Translocations
 + Level 1.4 Transmutations
 + Level 1.4 Fire Magic
 + Level 1.4 Ice Magic
 + Level 1.4 Air Magic
 + Level 1.4 Earth Magic
 + Level 1.4 Poison Magic
 + Level 2.0 Invocations
 + Level 1.8 Evocations


You had 4 spell levels left.
You knew the following spells:

 Your Spells              Type           Power        Failure   Level  Hunger
g - Shroud of Golubria    Chrm/Tloc      ###.......   6%          2    #......
i - Infusion              Chrm           ###.         1%          1    None
r - Regeneration          Chrm/Necr      ###.......   12%         3    ##.....
w - Spectral Weapon       Hex/Chrm       ###.....     12%         3    ##.....
y - Song of Slaying       Chrm           ###.....     2%          2    #......


Dungeon Overview and Level Annotations

Branches:
Dungeon (5/15)
 Temple: D:4-7

Altars:
Yredelemnul

Annotations:
D:4 dscm's ghost, weakling DsFi


Innate Abilities, Weirdness & Mutations

Your experience applies equally to all skills.
You have very sharp teeth.
Your uncanny sense of smell can sniff out nearby items.


Message History

Your spectral weapon hits the orc but does no damage.
The orc looks as sick as possible!
The orc closely misses you.
You hit the orc but do no damage.
The orc is poisoned.
You feel sick.
Your spectral weapon hits the orc.
You kill the orc!
You hit the orc.
You kill the orc!
Things that are here:
a hand axe; a scale mail The orc wizard closely misses you.
Things that are here:
a mace; a ring mail You hit the orc wizard.
The orc wizard is poisoned.
You bite the orc wizard.
The orc wizard is lightly wounded.
Your spectral weapon hits the orc wizard.
The orc wizard hits you with a dagger.
* * * LOW HITPOINT WARNING * * *
You closely miss the orc wizard.
The orc wizard is heavily wounded.
Your spectral weapon hits the orc wizard.
The orc wizard looks as sick as possible!
You hit the orc wizard.
You kill the orc wizard!
You feel sick.
You are no longer poisoned.
Things that are here:
a short sword; a ring mail; an orc corpse
l - a ring mail Your extra speed is starting to run out.
Things that are here:
a mace; a ring mail
Things that are here:
a hand axe; a scale mail You feel yourself slow down.
Found a stone staircase leading down.
Unknown command.
Dscm's ghost (weakling Demonspawn Fighter) comes into view.
The orc hits you but does no damage.
You barely miss the orc.
Your spectral weapon completely misses the orc.
The orc hits you but does no damage. The orc barely misses you.
Dscm's ghost lets out a mournful wail.
Your spectral weapon fades away.
There is a stone staircase leading down here.
The orc hits you with a whip.
* * * LOW HITPOINT WARNING * * *
You climb downwards.
There is a stone staircase leading up here.
You hit the orc.
The orc is poisoned.
The orc is heavily wounded.
The orc hits you with a whip.
* * * LOW HITPOINT WARNING * * *
You hit the orc.
You kill the orc!
Things that are here:
a whip; an orc corpse
Casting: Spectral Weapon
Confirm with . or Enter, or press ? or * to list all spells.
You miscast Regeneration.
You are very lightly contaminated with residual magic.
Pain shoots through your body.
Found a scroll labeled QUWAST VOGUNG.
A hound comes into view.
Found a stone staircase leading down.
Wield which item (- for none, * to show all)? (? for menu, Esc to quit)
Your +2 short sword of venom stops dripping with poison.
c - a book of Battle (in hand)
You swing at nothing.
You swing at nothing.
You swing at nothing.
You swing at nothing.
You swing at nothing.
You swing at nothing.
You swing at nothing.
Your magical contamination has completely faded away.
Wield which item (- for none, * to show all)? (? for menu, Esc to quit)
Your +2 short sword of venom begins to drip with poison!
a - a +2 short sword of venom (weapon)
Casting: Regeneration
Confirm with . or Enter, or press ? or * to list all spells.
You draw out your weapon's spirit!
You hit the hound.
The hound is lightly wounded.
The hound bites you.
* * * LOW HITPOINT WARNING * * *
Your spectral weapon hits the hound.
The hound is poisoned.
The hound barely misses you.
You hit the hound.
The hound looks as sick as possible!
Your punch misses the hound.
The hound is lightly wounded.
Your spectral weapon barely misses the hound.
The hound closely misses you.
You closely miss the hound.
The hound is moderately wounded.
Your spectral weapon barely misses the hound.
The hound bites you.
* * * LOW HITPOINT WARNING * * *
The hound bites you.
You die...

#.# #.######
#......#
######.# #.#
#.# #.# #.#
#@#
#...h(.....#
#...........>
#......?..###
########....
.#### #


You could see a hound and a friendly spectral short sword of venom.

Vanquished Creatures
  A phantom (D:4)
  A scorpion (D:4)
  An orc priest (D:4)
  An orc wizard (D:4)
  An iguana (D:4)
  A worker ant (D:4)
  An adder (D:4)
  An ooze (D:3)
  8 orcs
  A giant cockroach (D:4)
  2 goblins
  A hobgoblin (D:3)
  A kobold (D:3)
  A quokka (D:4)
22 creatures vanquished.

Notes
Turn   | Place    | Note
-------+----------+-------------------------------------------
     0 | D:1      | tidbits the Gnoll Skald began the quest for the Orb.
     0 | D:1      | Reached XP level 1. HP: 20/20 MP: 6/6
    93 | D:3      | Reached XP level 2. HP: 22/26 MP: 3/7
    97 | D:3      | Learned a level 2 spell: Song of Slaying
   105 | D:3      | Learned a level 2 spell: Shroud of Golubria
   297 | D:4      | HP: 2/26 [iguana (13)]
   299 | D:4      | Reached skill level 5 in Spellcasting
   299 | D:4      | Reached skill level 1 in Invocations
   299 | D:4      | Reached XP level 3. HP: 3/31 MP: 2/9
   304 | D:4      | Learned a level 3 spell: Regeneration
   308 | D:4      | Learned a level 3 spell: Spectral Weapon
   326 | D:4      | Reached skill level 1 in Short Blades
   326 | D:4      | Reached skill level 1 in Long Blades
   326 | D:4      | Reached skill level 1 in Maces & Flails
   326 | D:4      | Reached skill level 1 in Polearms
   326 | D:4      | Reached skill level 1 in Staves
   326 | D:4      | Reached skill level 1 in Slings
   326 | D:4      | Reached skill level 1 in Bows
   326 | D:4      | Reached skill level 1 in Crossbows
   326 | D:4      | Reached skill level 1 in Throwing
   326 | D:4      | Reached skill level 1 in Stealth
   326 | D:4      | Reached skill level 1 in Shields
   326 | D:4      | Reached skill level 1 in Unarmed Combat
   326 | D:4      | Reached skill level 1 in Evocations
   326 | D:4      | Reached XP level 4. HP: 5/38 MP: 2/11
   405 | D:4      | Found a basalt altar of Yredelemnul.
   432 | D:4      | Noticed a phantom
   450 | D:4      | Reached skill level 1 in Conjurations
   450 | D:4      | Reached skill level 1 in Hexes
   450 | D:4      | Reached skill level 1 in Summonings
   450 | D:4      | Reached skill level 1 in Necromancy
   450 | D:4      | Reached skill level 1 in Translocations
   450 | D:4      | Reached skill level 1 in Transmutations
   450 | D:4      | Reached skill level 1 in Fire Magic
   450 | D:4      | Reached skill level 1 in Ice Magic
   450 | D:4      | Reached skill level 1 in Air Magic
   450 | D:4      | Reached skill level 1 in Earth Magic
   450 | D:4      | Reached skill level 1 in Poison Magic
   484 | D:4      | Killed a phantom
   484 | D:4      | Reached skill level 3 in Armour
   484 | D:4      | Reached XP level 5. HP: 6/43 MP: 1/12
   537 | D:4      | Reached skill level 2 in Invocations
   537 | D:4      | Reached XP level 6. HP: 13/50 MP: 2/13
   599 | D:4      | Noticed dscm's ghost (weakling DsFi)
   606 | D:5      | Entered Level 5 of the Dungeon
   643 | D:5      | HP: 3/50 [hound (6)]
   643 | D:5      | Slain by a hound

Skill      XL: |  1  2  3  4  5 |
---------------+----------------+-----
Spellcasting   | 5 |  5.3
Invocations    | 1 2 |  2.0
Short Blades   | 1 |  1.8
Long Blades    | 1 |  1.8
Maces & Flails | 1 |  1.8
Polearms       | 1 |  1.8
Staves         | 1 |  1.8
Slings         | 1 |  1.8
Bows           | 1 |  1.8
Crossbows      | 1 |  1.8
Throwing       | 1 |  1.8
Stealth        | 1 |  1.8
Shields        | 1 |  1.8
Unarmed Combat | 1 |  1.8
Evocations     | 1 |  1.8
Conjurations   | 1 |  1.4
Hexes          | 1 |  1.4
Summonings     | 1 |  1.4
Necromancy     | 1 |  1.4
Translocations | 1 |  1.4
Transmutations | 1 |  1.4
Fire Magic     | 1 |  1.4
Ice Magic      | 1 |  1.4
Air Magic      | 1 |  1.4
Earth Magic    | 1 |  1.4
Poison Magic   | 1 |  1.4
Armour         | 3 |  3.1
Fighting       | |  4.9
Axes           | |  4.9
Dodging        | |  4.9
Charms         | |  5.6

Action                   |  1- 3 |  4- 6 || total
-------------------------+-------+-------++-------
Melee: Hand axe          |    16 |       ||    16
       Bite              |     4 |     2 ||     6
       Short sword       |    17 |    45 ||    62
 Cast: Infusion          |     4 |       ||     4
       Shroud of Golubri |     2 |     1 ||     3
       Regeneration      |     1 |     4 ||     5
       Spectral Weapon   |       |     6 ||     6
  Use: Potion            |       |     3 ||     3
  Eat: Ration            |       |     1 ||     1
Armor: Leather armour    |     6 |     3 ||     9
Dodge: Dodged            |    19 |    21 ||    40

Table legend:
 A = Turns spent in this place as a percentage of turns spent in the entire game.
 B = Non-inter-level travel turns spent in this place as a percentage of non-inter-level travel turns spent in the entire game.
 C = Inter-level travel turns spent in this place as a percentage of turns spent in this place.
 D = Turns resting spent in this place as a percentage of non-inter-level travel turns spent in this place.
 E = Turns spent auto-exploring this place as a percentage of non-inter-level travel turns spent in this place.
 F = Non-inter-level travel turns spent in this place divided by the number of levels of this place that you've seen.
                   A       B       C       D       E      F
               +-------+-------+-------+-------+-------+----------------------
         Total | 100.0 | 100.0 |   0.0 |   0.0 |   0.0 | 128.6
       Dungeon | 100.0 | 100.0 |   0.0 |   0.0 |   0.0 | 128.6
               +-------+-------+-------+-------+-------+----------------------

Table legend:
 A = Kills in this place as a percentage of kills in entire the game.
 B = Kills by you in this place as a percentage of kills by you in the entire game.
 C = Kills by friends in this place as a percentage of kills by friends in the entire game.
 D = Other kills in this place as a percentage of other kills in the entire game.
 E = Experience gained in this place as a percentage of experience gained in the entire game.
 F = Experience gained in this place divided by the number of levels of this place that you have seen.
                   A       B       C       D       E      F
               +-------+-------+-------+-------+-------+----------------------
         Total | 100.0 | 100.0 |   N/A |   N/A | 100.0 |  78.8
       Dungeon | 100.0 | 100.0 |   N/A |   N/A | 100.0 |  78.8
               +-------+-------+-------+-------+-------+----------------------

Vault maps used:
D:1:      doesnt_arrival_eight_statues, st_stairs_1
D:2:      first_ration
D:3:      lemuel_round_altar, grunt_gozag_breadcrumbs
D:4:      yredelemnul_forgotten_temple_becter
D:5:      overflow_temple_1_default, fedhas_altar_2,
          nicolae_tso_carved_into_rock, uniq_grinder, uniq_menkaure,
          uniq_duvessa
